 Dungeon Crawl Stone Soup version 0.17-a0-2127-g1cb09f6 (webtiles) character file.

41 Oddball22 the Insei (level 3, 0/27 HPs)
             Began as a Demonspawn Transmuter on Oct 22, 2015.
             Slain by a gnoll (8 damage)
             ... on level 2 of the Dungeon.
             The game lasted 00:04:59 (1674 turns).

Oddball22 the Insei (Demonspawn Transmuter)         Turns: 1674, Time: 00:05:00

Health: 0/27       AC:  8    Str: 10    XL:     3   Next: 32%
Magic:  6/6        EV: 12    Int: 14    God:
Gold:   62         SH:  0    Dex: 13    Spells: 2 memorised, 2 levels left

rFire  + . .     SeeInvis .       - Unarmed
rCold  . . .     Clarity  .     e - +1 robe {rF+}
rNeg   . . .     SustAt   .     (no shield)
rPois  .         Gourm    .     (no helmet)
rElec  .         Spirit   .     (no cloak)
rCorr  .         Warding  .     (no gloves)
rMut   .         Stasis   .     k - +0 pair of boots
MR     .....                    (no amulet)
Stlth  +.........               (no ring)
                                (no ring)

@: appendage (expiring), not resistant to hostile enchantments, very unstealthy
A: horns 2, rough black scales 1
a: End Transformation


You were on level 2 of the Dungeon.
You were not hungry.
You had grown temporary horns.
You visited 1 branch of the dungeon, and saw 3 of its levels.

You collected 62 gold pieces.

Inventory:

Missiles
 a - 12 arrows
Armour
 e - a +1 robe of fire resistance (worn)
 k - a +0 pair of boots (worn)
Scrolls
 h - 3 scrolls of identify {unknown}
Potions
 i - a potion of cure mutation {unknown}
 j - a potion of brilliance {unknown}
Books
 c - a book of Changes

   Spells                             Type                      Level
   a - Beastly Appendage              Transmutation                1
   b - Sticks to Snakes               Transmutation                2
   c - Spider Form                    Transmutation/Poison         3
   d - Ice Form                       Ice/Transmutation            4
   e - Blade Hands                    Transmutation                5
Comestibles
 d - a bread ration
 f - 2 slices of pizza
 g - a chunk of flesh
 l - a meat ration


   Skills:
 + Level 1.8 Fighting
 + Level 2.0 Dodging
 * Level 3.3 Unarmed Combat
 - Level 2.0 Spellcasting
 + Level 2.2 Transmutations


You had 2 spell levels left.
You knew the following spells:

 Your Spells              Type           Power        Failure   Level  Hunger
a - Beastly Appendage     Trmt           #.....       12%         1    ##.....
b - Spider Form           Trmt/Pois      #.........   47%         3    ####...


Dungeon Overview and Level Annotations

Branches:
Dungeon (3/15)

Altars:


Innate Abilities, Weirdness & Mutations

You are partially covered in rough black scales (AC +4, Dex -1).
You have a pair of horns on your head.


Message History

You barely miss the gnoll. The gnoll hits you but does no damage.
You hit the gnoll but do no damage. The gnoll hits you with a club.
You hit the gnoll. Your headbutt misses the gnoll.
The gnoll is moderately wounded.
You barely miss the gnoll. You hit the gnoll but do no damage.
You closely miss the gnoll. Your headbutt misses the gnoll. The gnoll hits you!
* * * LOW HITPOINT WARNING * * *
You barely miss the gnoll. The gnoll hits you.
* * * LOW HITPOINT WARNING * * *
You closely miss the gnoll. The gnoll hits you but does no damage.
Drink which item? (? for menu, Esc to quit)
It was a potion of curing.
You feel better.
Your transformation is almost over.
The gnoll hits you.
* * * LOW HITPOINT WARNING * * *
You hit the gnoll. Your headbutt misses the gnoll.
The gnoll is lightly wounded.
The gnoll hits you!
You die...

#### ###.#.##.#.............#
#..........#......######
##.#.#.##.#<...<.......#
######..........##..........#
....##..#........+..>.......#
###'##..#..###..##..........#
.....#..#..# #..##.....)....#
.....#....)# #..######......#
...........# #..@gg.......###
.......#.#.####.###########
................#
...........######
############


You could see 2 gnolls.

Vanquished Creatures
  4 worms (D:2)
  A ball python (D:1)
  2 bats
  A giant cockroach (D:2)
  2 goblins (D:1)
  3 hobgoblins
  4 jackals (D:1)
  4 kobolds
  3 giant newts (D:1)
  4 rats
28 creatures vanquished.

Notes
Turn   | Place    | Note
--------------------------------------------------------------
     0 | D:1      | Oddball22 the Demonspawn Transmuter began the quest for the Orb.
     0 | D:1      | Reached XP level 1. HP: 15/15 MP: 3/3
   184 | D:1      | Reached skill level 3 in Unarmed Combat
   243 | D:1      | Gained mutation: You are partially covered in rough black scales (AC +4, Dex -1). [demonic ancestry]
   243 | D:1      | Reached XP level 2. HP: 21/21 MP: 3/5
   987 | D:2      | Reached XP level 3. HP: 26/26 MP: 3/6
  1098 | D:2      | Learned a level 3 spell: Spider Form
  1674 | D:2      | Slain by a gnoll

Vault maps used:
D:1:      eino_arrival_tree_alley, grunt_decor_one_mirror

Action                   || total
-------------------------++-------
Melee: Unarmed           ||   100
 Cast: Beastly Appendage ||    15
  Use: Potion            ||     1
  Eat: Chunk             ||     3
